 Dungeon Crawl Stone Soup version 0.29.0-4-gdea44cf6ec (webtiles) character file.

Game seed: 5492712038507310791

497 qw the Chopper (level 7, 0/41 HPs)
             Began as a Tengu Warper on Aug 28, 2022.
             Was an Initiate of Okawaru.
             Slain by a hornet (2 damage)
             ... on level 5 of the Dungeon.
             The game lasted 00:00:35 (5790 turns).

qw the Chopper (Tengu Warper)                       Turns: 5790, Time: 00:00:36

Health: 0/41       AC: 11    Str: 13    XL:     7   Next: 16%
Magic:  11/11      EV:  5    Int: 14    God:    Okawaru [......]
Gold:   184        SH:  0    Dex: 13    Spells: 10/10 levels left

rFire   . . .      SeeInvis .   Y - +0 war axe
rCold   . . .      Faith    .   (no shield)
rNeg    . . .      Spirit   .   g - +0 plate armour
rPois   +          Reflect  .   (helmet restricted)
rElec   .          Harm     .   (no cloak)
rCorr   .          Rampage  .   (no gloves)
Will    .....                   (boots unavailable)
Stlth   ..........              (no amulet)
HPRegen 0.13/turn               j - ring of poison resistance
MPRegen 0.12/turn               k - +4 ring of slaying {mikee}

@: flying quickly and evasively, slowed, very slow
A: beak, talons 3, nimble flight
a: Renounce Religion


You were on level 5 of the Dungeon.
You worshipped Okawaru.
Okawaru was noncommittal.
You visited 2 branches of the dungeon, and saw 6 of its levels.

You collected 184 gold pieces.


Innate Abilities, Weirdness & Mutations

You have a beak for a mouth.
You have claws for feet.
Your magical nature lets you fly swiftly and evasively.


   Skills:
 - Level 3.2 Fighting
 + Level 7.1 Axes
 - Level 1.0 Throwing
 - Level 3.2 Armour
 - Level 2.1 Dodging
 - Level 2.0 Spellcasting
 - Level 2.4 Translocations


You had 10 spell levels left.
You didn't know any spells.
Your spell library contained the following spells:

 Spells                   Type           Power      Damage    Failure   Level
 Blink                    Tloc           16%        N/A       100%        2
 Gell's Gravitas          Tloc           8%         N/A       100%        3
 Lesser Beckoning         Tloc           8%         N/A       100%        3
 Teleport Other           Tloc           8%         N/A       100%        3
 Manifold Assault         Tloc           8%         N/A       100%        5

Inventory:

Hand Weapons
 a - a +0 flail
 Y - a +0 war axe (weapon)
Missiles
 c - 2 boomerangs (quivered)
Armour
 g - a +0 plate armour (worn)
Jewellery
 j - a ring of poison resistance (left hand)
 k - a +4 ring of slaying (right hand) {mikee}
Scrolls
 b - a scroll of magic mapping {unknown}
 i - a scroll of identify
Potions
 d - a potion of curing
 e - a potion of berserk rage {unknown}
 f - a potion of cancellation
 l - a potion of mutation {unknown}

Dungeon Overview and Level Annotations

Branches:
Dungeon (5/15)             Temple (1/1) D:5

Altars:
Ashenzari
Dithmenos
Elyvilon
Fedhas
Gozag
Hepliaklqana
Kikubaaqudgha
Makhleb
Nemelex Xobeh
Okawaru
Qazlal
Ru
Sif Muna
Trog
Vehumet
Wu Jian
Zin
The Shining One


Message History

(D) Dungeon (T) Temple
Where to? (* - list waypoints, Enter - Temple @ (x,y), ? - help)
What level of the Dungeon? (default 5, ? - help)
There is a staircase back to the Dungeon here.
You fly upwards.
Welcome back to the Dungeon!
There is a staircase to the Ecumenical Temple here.
Enter note:
Found Ozocubu's Autobiography.
You now have 184 gold pieces (gained 12).
You see here Ozocubu's Autobiography.
b - a scroll labelled RECIUBBYFAC
Enter note: A hornet comes into view.
The hornet buzzes angrily.
Throw: 2 boomerangs
Press: ? - help, Q - select action Shift-Dir - straight line, f - hornet You throw a boomerang.
The boomerang hits the hornet but does no damage.
You hit the hornet.
The hornet is lightly wounded.
The hornet barely misses you.
You slash the hornet! You claw the hornet. You peck the hornet.
The hornet is heavily wounded.
The hornet stings you but does no damage.
The hornet stings you!
You completely miss the hornet.
The hornet is heavily wounded.
The hornet stings you!
You feel yourself slow down.
The hornet stings you but does no damage.
You closely miss the hornet. Your kick misses the hornet.
You peck the hornet, but do no damage.
The hornet is heavily wounded.
The hornet stings you. x2; The hornet stings you!
You feel as though you will be slow longer.
You hit the hornet. You claw the hornet.
The hornet is severely wounded.
The hornet stings you.
You feel as though you will be slow longer.
The hornet stings you.
You die...

#.# #.. #.. #..
######### #.. #.......#
#.. ## #.#####.# ###
#.##.......# #
####.#@.....##.########
#.....y..##............
#......##.#####.#.......
....... #.......#..##...
....... #..........#..).
.......##.#####..¤¤~..#.
#.........#####.~¤¤¤~.#.
##.......#:....~~¤¤¤¤~..
####...#.....¤¤¤>~¤~.#


You could see a hornet.

Vanquished Creatures
  A black bear (D:4)
  A jelly (D:4)
  3 orc priests
  An iguana (D:5)
  Natasha (thrice) (D:4)
  An orc wizard (D:4)
  6 adders
  A worm (D:4)
  3 dart slugs
  12 orcs
  4 bats
  6 endoplasms
  3 giant cockroaches
  6 hobgoblins (D:1)
  7 jackals (D:1)
  11 kobolds
  3 quokkas
  8 ball pythons
  7 frilled lizards
  10 goblins
  9 rats
106 creatures vanquished.

Vanquished Creatures (others)
  9 plants (D:1)
9 creatures vanquished.

Grand Total: 115 creatures vanquished

Notes
Turn   | Place    | Note
-------+----------+-------------------------------------------
     0 | D:1      | qw the Tengu Warper began the quest for the Orb.
     0 | D:1      | Reached XP level 1. HP: 12/12 MP: 4/4
     0 | D:1      | 0 ||| qw: Version: 0.1-a-89-g26bdef1
     0 | D:1      | 0 ||| qw: Game counter: 1941
     0 | D:1      | 0 ||| qw: Always use a shield: true
     0 | D:1      | 0 ||| qw: God list: Okawaru
     0 | D:1      | 0 ||| qw: Allow faded altars: false
     0 | D:1      | 0 ||| qw: Do Orc after D:15 true
     0 | D:1      | 0 ||| qw: Do second Lair branch before Depths: true
     0 | D:1      | 0 ||| qw: Lair rune preference: random
     0 | D:1      | 0 ||| qw: Plans: Normal
     0 | D:1      | 0 ||| PLANNING D:1-11
    58 | D:1      | 58 ||| Stepping ~*~*~tactically~*~*~ (stealth).
    60 | D:1      | 60 ||| Stepping ~*~*~tactically~*~*~ (stealth).
    67 | D:1      | 67 ||| Stepping ~*~*~tactically~*~*~ (stealth).
    68 | D:1      | 68 ||| Stepping ~*~*~tactically~*~*~ (stealth).
    99 | D:1      | 99 ||| Stepping ~*~*~tactically~*~*~ (hiding).
   107 | D:1      | 107 ||| Stepping ~*~*~tactically~*~*~ (stealth).
   129 | D:1      | Reached skill level 3 in Axes
   129 | D:1      | Reached XP level 2. HP: 14/17 MP: 6/6
   437 | D:1      | 437 ||| Stepping ~*~*~tactically~*~*~ (water).
   522 | D:1      | Found a faded altar of an unknown god.
   686 | D:1      | Reached XP level 3. HP: 13/21 MP: 7/7
   810 | D:1      | 810 ||| Stepping ~*~*~tactically~*~*~ (stealth).
   817 | D:1      | HP: 4/21 [frozen (4)]
   819 | D:1      | Reached skill level 4 in Axes
  1234 | D:1      | 1234 ||| Stepping ~*~*~tactically~*~*~ (stealth).
  1244 | D:1      | 1244 ||| Stepping ~*~*~tactically~*~*~ (stealth).
  1253 | D:1      | 1253 ||| Stepping ~*~*~tactically~*~*~ (stealth).
  1254 | D:1      | 1254 ||| Stepping ~*~*~tactically~*~*~ (stealth).
  1263 | D:1      | 1263 ||| DROPPING +0 club.
  1265 | D:1      | 1265 ||| Stepping ~*~*~tactically~*~*~ (stealth).
  1492 | D:1      | 1492 ||| UPGRADING to +0 ring mail.
  1502 | D:1      | 1502 ||| DROPPING +0 leather armour.
  1503 | D:1      | 1503 ||| UPGRADING to +0 plate armour.
  1513 | D:1      | 1513 ||| DROPPING +0 ring mail.
  1514 | D:1      | 1514 ||| DROPPING scroll of blinking.
  1638 | D:2      | 1638 ||| Stepping ~*~*~tactically~*~*~ (stealth).
  1824 | D:2      | Reached XP level 4. HP: 25/26 MP: 8/8
  1864 | D:2      | 1864 ||| Stepping ~*~*~tactically~*~*~ (hiding).
  1867 | D:2      | 1867 ||| Stepping ~*~*~tactically~*~*~ (hiding).
  1930 | D:2      | 1930 ||| Stepping ~*~*~tactically~*~*~ (stealth).
  1935 | D:2      | 1935 ||| Stepping ~*~*~tactically~*~*~ (stealth).
  1938 | D:2      | 1938 ||| Stepping ~*~*~tactically~*~*~ (stealth).
  2142 | D:2      | 2142 ||| UPGRADING to ring of poison resistance.
  2143 | D:2      | 2143 ||| READING scroll labelled PIBOJA BOAT WOT.
  2144 | D:2      | 2144 ||| READING 3 scrolls labelled XOKHLET UNAMO.
  2145 | D:2      | 2145 ||| READING 3 scrolls labelled MILOGI BONI.
  2146 | D:2      | 2146 ||| READING scroll labelled PUMUNEOHIR.
  2147 | D:2      | 2147 ||| READING scroll labelled MAMIRO SYSEBAYH.
  2148 | D:2      | 2148 ||| READING 2 scrolls of identify.
  2148 | D:2      | 2148 ||| IDENTIFYING blue potion
  2149 | D:2      | 2149 ||| DROPPING potion of invisibility.
  2150 | D:2      | 2150 ||| DROPPING 2 scrolls of poison.
  2159 | D:3      | 2159 ||| STAIRDANCE
  2170 | D:3      | 2170 ||| STAIRDANCE
  2278 | D:3      | Reached skill level 5 in Axes
  2431 | D:3      | Gained mutation: Your magical nature lets you fly swiftly
                  | and evasively. [Tengu growth]
  2431 | D:3      | Reached XP level 5. HP: 30/30 MP: 9/9
  2553 | D:3      | 2553 ||| Stepping ~*~*~tactically~*~*~ (hiding).
  2629 | D:3      | 2629 ||| DROPPING +0 whip.
  2670 | D:3      | Found an opulent altar of Gozag.
  3062 | D:3      | 3062 ||| DROPPING ring of wizardry.
  3063 | D:3      | 3063 ||| READING 2 scrolls of identify.
  3063 | D:3      | 3063 ||| IDENTIFYING viscous dark potion
  3064 | D:3      | 3064 ||| DROPPING potion of attraction.
  3193 | D:4      | Noticed a black bear
  3206 | D:4      | Killed a black bear
  3207 | D:4      | Reached skill level 6 in Axes
  3207 | D:4      | Reached XP level 6. HP: 19/35 MP: 10/10
  3402 | D:4      | 3402 ||| Stepping ~*~*~tactically~*~*~ (stealth).
  3403 | D:4      | 3403 ||| Stepping ~*~*~tactically~*~*~ (stealth).
  3407 | D:4      | 3407 ||| Stepping ~*~*~tactically~*~*~ (stealth).
  3439 | D:4      | 3439 ||| Stepping ~*~*~tactically~*~*~ (stealth).
  3500 | D:4      | 3500 ||| Stepping ~*~*~tactically~*~*~ (stealth).
  3502 | D:4      | 3502 ||| Stepping ~*~*~tactically~*~*~ (stealth).
  3678 | D:4      | Noticed Natasha
  3687 | D:4      | Killed Natasha
  3688 | D:4      | Reached skill level 7 in Axes
  3754 | D:4      | 3754 ||| FLEEEEING.
  3803 | D:4      | Noticed Natasha
  3804 | D:4      | 3804 ||| FLEEEEING.
  3805 | D:4      | 3805 ||| FLEEEEING.
  3806 | D:4      | 3806 ||| FLEEEEING.
  3807 | D:4      | 3807 ||| FLEEEEING.
  3808 | D:4      | 3808 ||| FLEEEEING.
  3809 | D:4      | 3809 ||| FLEEEEING.
  3810 | D:4      | 3810 ||| FLEEEEING.
  3815 | D:4      | 3815 ||| FLEEEEING.
  3815 | D:4      | HP: 7/35 [Natasha/puff of flame (7)]
  3816 | D:4      | 3816 ||| FLEEEEING.
  3817 | D:4      | 3817 ||| FLEEEEING.
  3825 | D:4      | 3825 ||| STAIRDANCE
  4063 | D:3      | 4063 ||| READING scroll labelled LELIWIUPSA.
  4219 | D:4      | Killed Natasha
  4323 | D:4      | Found a shadowy altar of Dithmenos.
  4323 | D:4      | Found a stormy altar of Qazlal.
  4325 | D:4      | Found a broken altar of Ashenzari.
  4354 | D:4      | 4354 ||| SWAPPING to +0 war axe.
  4355 | D:4      | 4355 ||| DROPPING +0 hand axe.
  4372 | D:4      | Noticed Natasha
  4374 | D:4      | 4374 ||| FLEEEEING.
  4375 | D:4      | 4375 ||| FLEEEEING.
  4376 | D:4      | 4376 ||| FLEEEEING.
  4377 | D:4      | 4377 ||| FLEEEEING.
  4378 | D:4      | 4378 ||| FLEEEEING.
  4383 | D:4      | Killed Natasha
  4388 | D:4      | Reached skill level 3 in Armour
  4695 | D:4      | 4695 ||| UPGRADING to +4 ring of slaying {mikee}.
  4696 | D:4      | 4696 ||| READING scroll labelled EDGHUMN KEAN.
  4697 | D:4      | 4697 ||| DRINKING 2 pink potions.
  4698 | D:4      | 4698 ||| DRINKING 2 golden potions.
  4699 | D:4      | 4699 ||| READING 2 scrolls of identify.
  4699 | D:4      | 4699 ||| IDENTIFYING amethyst potion
  4700 | D:4      | 4700 ||| DROPPING potion of brilliance.
  4713 | D:5      | Entered Level 5 of the Dungeon
  4717 | D:5      | 4717 ||| STAIRDANCE
  4844 | D:5      | Found a glowing golden altar of the Shining One.
  4864 | D:5      | 4864 ||| Stepping ~*~*~tactically~*~*~ (hiding).
  4871 | D:5      | Reached XP level 7. HP: 40/40 MP: 11/11
  5102 | D:5      | 5102 ||| Stepping ~*~*~tactically~*~*~ (hiding).
  5110 | D:5      | Reached skill level 3 in Fighting
  5215 | D:5      | Identified the +1 robe of the Unseen Realm {Str-3 Int+4}
  5349 | D:5      | Found a staircase to the Ecumenical Temple.
  5350 | D:5      | 5350 ||| PLANNING TEMPLE
  5350 | D:5      | 5350 ||| DROPPING orb of guile.
  5351 | D:5      | 5351 ||| READING scroll labelled NOMUWY IFU YCUR.
  5452 | D:5      | 5452 ||| READING scroll labelled HUAJACK TUNNYZ.
  5461 | Temple   | Entered the Ecumenical Temple
  5467 | Temple   | Became a worshipper of Warmaster Okawaru
  5728 | Temple   | 5728 ||| PLANNING D:1-11
  5784 | D:5      | Noticed a hornet
  5789 | D:5      | HP: 4/41 [hornet (9)]
  5790 | D:5      | Slain by a hornet

Levels and vault maps discovered:
D:1:      minmay_arrival_open_corners, layout_rooms,
          dreamdust_ecumenical_altar_statues, minivault_14,
          lexackson_kobold_supper
D:2:      layout_basic, minmay_tromino_v4_b
D:3:      layout_basic, grunt_gozag_statues
D:4:      layout_cave_pools, gammafunk_temple_overflow_claw, uniq_natasha
D:5:      layout_loops_cross, tso_metal_star, minmay_temple_entry_mist
Temple:   compressed_dpeg_triangle_lava_temple

Skill      XL: |  1  2  3  4  5  6  7 |
---------------+----------------------+-----
Axes           | 3 4 5 6 7 |  7.1
Armour         | 2 3 |  3.2
Fighting       | 3 |  3.2
Throwing       | |  1.0
Dodging        | |  2.1
Spellcasting   | |  2.0
Translocations | |  2.4

Action                   |  1- 3 |  4- 6 |  7- 9 || total
-------------------------+-------+-------+-------++-------
Melee: Hand axe          |   102 |   149 |       ||   251
       Kick              |    21 |    28 |     3 ||    52
       Peck              |    12 |    25 |     3 ||    40
       Punch             |     1 |     1 |       ||     2
       War axe           |       |    11 |    19 ||    30
Throw: Boomerang         |     7 |       |     7 ||    14
  Use: Scroll            |       |    10 |     2 ||    12
       Potion            |       |     2 |       ||     2
Armor: Leather armour    |    20 |       |       ||    20
       Plate armour      |     5 |   115 |     6 ||   126
Dodge: Dodged            |    54 |    29 |     3 ||    86

Table legend:
 A = Non-vault XP
 B = Vault XP
 C = Vault XP percentage of total XP
 D = Non-vault monster count
 E = Vault monster count
 F = Vault count percentage of total count
                 A         B        C        D         E       F
            +---------+---------+-------+---------+---------+-------
      Total |     665 |      46 |   6.5 |      97 |       9 |   8.5
            +---------+---------+-------+---------+---------+-------
        D:1 |      56 |      11 |  16.4 |      31 |       8 |  20.5
        D:2 |      43 |       0 |   0.0 |      19 |       0 |   0.0
        D:3 |     120 |       0 |   0.0 |      21 |       0 |   0.0
        D:4 |     306 |      35 |  10.3 |      16 |       1 |   5.9
        D:5 |     140 |       0 |   0.0 |      10 |       0 |   0.0
            +---------+---------+-------+---------+---------+-------
